 Dungeon Crawl Stone Soup version 0.30-a0-626-gd6a5dd7a1f (webtiles) character file.

Game seed: 9025640612605661041

98 porpoise the Chopper (level 4, -10/35 HPs)
             Began as a Demonspawn Gladiator on Jan 12, 2023.
             Killed by divine providence
             ... invoked by an orc priest
              (14 damage)
             ... on level 3 of the Dungeon.
             The game lasted 00:04:25 (2105 turns).

porpoise the Chopper (Demonspawn Gladiator)         Turns: 2105, Time: 00:04:25

Health: -10/35     AC:  9    Str: 16    XL:     4   Next: 43%
Magic:  4/4        EV: 11    Int: 18    God:
Gold:   110        SH:  0    Dex: 11    Spells: 3/3 levels left

rFire   . . .      SeeInvis .    a - +0 war axe
rCold   . . .      Faith    .    (no shield)
rNeg    . . .      Spirit   .    q - +1 ring mail "Wojul" {rPois rCorr Int+8 Dex-3}
rPois   +          Reflect  .    c - +0 helmet
rElec   .          Harm     .    (no cloak)
rCorr   +          Rampage  .    u - +0 pair of gloves
Will    .....                    (no boots)
Stlth   +                        g - amulet of the acrobat
HPRegen 0.25/turn                (no ring)
MPRegen 0.09/turn                (no ring)

@: no status effects
A: sharp scales 1, weakness stinger 1
a: no special abilities


You were on level 3 of the Dungeon.
You visited 1 branch of the dungeon, and saw 3 of its levels.

You collected 110 gold pieces.

Inventory:

Hand Weapons
 a - a +0 war axe (weapon)
Missiles
 b - 14 poisoned darts
 d - 3 throwing nets (quivered)
 e - a javelin
 j - 4 silver boomerangs
 m - 8 boomerangs
Armour
 c - a +0 helmet (worn)
 h - a +0 leather armour of poison resistance
 q - the +1 ring mail "Wojul" (worn) {rPois rCorr Int+8 Dex-3}
   (You found it on level 2 of the Dungeon)

   Int:       It affects your intelligence (+8).
   Dex:       It affects your dexterity (-3).
   rPois:     It protects you from poison.
   rCorr:     It protects you from acid and corrosion.
 u - a +0 pair of gloves (worn)
Jewellery
 g - an amulet of the acrobat (around neck)
 p - an amulet of magic regeneration
Scrolls
 f - a scroll of fog {unknown}
 i - a scroll of identify {unknown}
 k - a scroll of fear {unknown}
 l - a scroll of blinking {unknown}
 n - a scroll of immolation {unknown}
 o - 3 scrolls of teleportation
 t - a scroll of noise {unknown}
Potions
 r - 2 potions of curing {unknown}
 s - 2 potions of brilliance {unknown}
 v - a potion of degeneration {unknown}


   Skills:
 + Level 3.1 Fighting
 * Level 4.2 Axes
 - Level 1.7 Throwing
 - Level 2.6 Dodging


You had 3 spell levels left.
You didn't know any spells.
Your spell library was empty.

Dungeon Overview and Level Annotations

Branches:
Dungeon (3/15)

Altars:


Innate Abilities, Weirdness & Mutations

You are partially covered in razor-sharp scales. (AC +1, Slay +1)
You have a small tail.


Message History

A bat comes into view.
The bat moves out of view.
A ball python comes into view.
An orc priest comes into view. It is wielding a +0 flail.
The orc priest shouts!
The orc priest calls down the wrath of Beogh upon you.
Beogh smites you!
You hear a shout!
You closely miss the ball python. You tail-slap the ball python.
You kill the ball python!
An orc priest comes into view. It is wielding a +0 club.
The orc priest shouts!
An orc comes into view. It is wielding a +0 club.
The orc priest barely misses you.
An orc comes into view. It is wielding a +0 flail.
The orc shouts!
You hit the orc priest.
The orc priest is lightly wounded.
The orc priest hits you but does no damage. x2
The orc priest calls upon Beogh to heal the orc priest.
The orc priest's wounds heal themselves!
You closely miss the orc priest. The orc priest barely misses you.
You slash the orc priest!
The orc priest is heavily wounded.
A giant cockroach comes into view.
The orc priest closely misses you.
You hit the orc priest but do no damage.
The orc priest is heavily wounded.
The orc priest hits you with a +0 flail.
You hit the orc priest.
The orc priest is severely wounded.
The orc priest mumbles some strange prayers to Beogh against you.
Beogh smites you!
* * * LOW HITPOINT WARNING * * *
The orc priest looks encouraged for a moment.
You slash the orc!
You kill the orc!
The orc priest invokes the aid of Beogh against you.
Beogh smites you!
You die...

### ### #.# #.# #.# #.#
### #.# #.# #....#####.#
#.#######
....ooo@...#####........
#.##B#####.........####.
#.##......# #.
#.##......# #.
#.##......####.
...............
#.##...........
........##..†..
........##.....


You could see 2 orc priests, an orc and a giant cockroach.

Vanquished Creatures
  3 adders
  3 worms
  A dart slug (D:1)
  An orc (D:3)
  8 endoplasms
  A giant cockroach (D:3)
  10 goblins
  5 hobgoblins
  2 jackals (D:2)
  A quokka (D:1)
  7 ball pythons
  3 bats
  2 frilled lizards
  4 kobolds
  7 rats
58 creatures vanquished.

Notes
Turn   | Place    | Note
-------+----------+-------------------------------------------
     0 | D:1      | porpoise the Demonspawn Gladiator began the quest for the
                  | Orb.
     0 | D:1      | Reached XP level 1. HP: 16/16 MP: 1/1
   130 | D:1      | Reached skill level 3 in Axes
   151 | D:1      | Gained mutation: You have a small tail. [demonic ancestry]
   151 | D:1      | Reached XP level 2. HP: 19/22 MP: 2/2
  1014 | D:2      | Reached XP level 3. HP: 23/28 MP: 3/3
  1192 | D:2      | Identified the +1 ring mail "Wojul" {rPois rCorr Int+8
                  | Dex-3}
  1891 | D:3      | Reached skill level 4 in Axes
  1925 | D:3      | Gained mutation: You are partially covered in razor-sharp
                  | scales. (AC +1, Slay +1) [demonic ancestry]
  1925 | D:3      | Reached XP level 4. HP: 33/34 MP: 4/4
  2105 | D:3      | Killed from afar by an orc priest

Illustrated notes

Levels and vault maps discovered:
D:1:      minmay_arrival_semitransparent, layout_basic
D:2:      layout_basic
D:3:      layout_basic, mainiacjoe_overflow_boulevard,
          mainiacjoe_overflow_catwalk, ebering_ghost_disaster_area

Skill      XL: |  1  2  3  4 |
---------------+-------------+-----
Axes           | 3 4 |  4.2
Fighting       | 3 |  3.1
Throwing       | |  1.7
Dodging        | |  2.6

Action                   |  1- 3 |  4- 6 || total
-------------------------+-------+-------++-------
Melee: War axe           |   105 |    25 ||   130
       Tailslap          |     8 |     3 ||    11
       Punch             |     1 |       ||     1
  Use: Scroll            |     1 |       ||     1
 Stab: Sleeping          |     1 |       ||     1
Armor: Leather armour    |    14 |       ||    14
       Ring mail         |    14 |    10 ||    24
Dodge: Dodged            |    68 |    11 ||    79

Table legend: (Time is in decaauts)
 A = Elapsed time spent in this place.
 B = Non-inter-level travel time spent in this place.
 C = Inter-level travel time spent in this place.
 D = Time resting spent in this place.
 E = Time spent auto-exploring this place.
 F = Levels seen in this place.
 G = Mean time per level.
                   A        B        C        D        E       F      G
               +--------+--------+--------+--------+--------+-----+--------+
         Total |   2146 |   2098 |     48 |    121 |   1536 |   3 |  715.3 |
       Dungeon |   2146 |   2098 |     48 |    121 |   1536 |   3 |  715.3 |
               +--------+--------+--------+--------+--------+-----+--------+

Top non-repeatable levels by time:
     D:1: 970 daAuts
     D:2: 954 daAuts
     D:3: 221 daAuts
